AoeStats
← mimikyu

Nomad

510260888Analyzed
4v4 RM · 24h ago on Sep 30, 2026· 31m 40s· 8 players
Game mode
Random Map
Map size
231×231
Population
200
Speed
Normal
Resources
Standard
Victory
Conquest
Starting age
Dark Age
Ending age
Imperial Age
RankedLock teamsTeams togetherTeam positionsShared explorationLock speedFull tech treeHidden civsTurbo modeCheats
Victory
Defeat
🇨🇳 Bohemians · China
1314
+15
🇭🇰 Spanish · Hong Kong SAR China
1283
+16
🇨🇳 Varangians · China
1270
+17
🇮🇳 Dravidians · India
1258
+17
🇨🇳 Danes · China
1324
-18
🇫🇷 Japanese · France
1317
-17
🇦🇺 Teutons · Australia
1286
-16
🇺🇸 Spanish · United States
1234
-14
Shini_gami
3:18 Loom
14:25 Feudal Age
15:43 Town Watch
20:18 Castle Age
18:05 Double-Bit Axe
18:02 Horse Collar
18:43 Fletching
18:54 Padded Archer Armor
20:03 Stone Mining
20:03 Gold Mining
20:28 Fishing Lines
21:28 Medium Warships
23:12 Bow Saw
30:22 Bodkin Arrow
国产男子汉
4:31 Loom
9:16 Loom
14:26 Feudal Age
18:29 Castle Age
16:24 Double-Bit Axe
16:26 Horse Collar
20:28 Wheelbarrow
21:30 Chemistry
22:23 Wheelbarrow
23:11 Padded Archer Armor
23:26 Bow Saw
27:20 Town Watch
27:51 Leather Archer Armor
虫
6:04 Loom
11:38 Feudal Age
15:02 Fishing Lines
20:20 Castle Age
19:16 Stone Mining
19:17 Gold Mining
19:46 Double-Bit Axe
20:28 Town Watch
21:37 Bow Saw
23:20 Horse Collar
24:36 Stone Shaft Mining
25:20 Husbandry
27:53 Wheelbarrow
30:43 Hand Cart
31:08 Bloodlines
mimikyu
9:36 Loom
12:03 Feudal Age
12:49 Double-Bit Axe
13:19 Horse Collar
14:10 Horse Collar
16:09 Bloodlines
18:26 Forging
19:52 Scale Barding Armor
26:59 Castle Age
27:47 Husbandry
27:08 Light Cavalry
28:26 Iron Casting
28:11 Chain Barding Armor
29:30 Heavy Plow
30:14 Wheelbarrow
The Long Dark
13:49 Feudal Age
14:44 Fishing Lines
15:11 Double-Bit Axe
20:02 Castle Age
18:24 Stone Mining
20:31 Wheelbarrow
19:41 Town Watch
20:56 Bow Saw
20:52 Gold Mining
21:38 Stone Shaft Mining
21:27 Gillnets
22:58 Fletching
23:28 Hand Cart
22:58 Loom
31:45 Gold Shaft Mining
Cryptomage
14:11 Feudal Age
12:49 Loom
15:35 Fishing Lines
19:28 Castle Age
17:30 Gold Mining
19:19 Double-Bit Axe
20:57 Gillnets
26:37 Medium Warships
29:12 Elite Skirmisher
31:31 Scale Mail Armor
31:42 Forging
SpawnShark
4:57 Loom
14:11 Feudal Age
15:17 Double-Bit Axe
15:35 Gold Mining
21:00 Fishing Lines
23:24 Castle Age
23:19 Fletching
24:34 Bow Saw
23:57 Pikeman
25:00 Scale Mail Armor
24:59 Gillnets
26:11 Horse Collar
HotHardFatherDaddy
4:09 Loom
15:58 Feudal Age
23:06 Castle Age
21:39 Scale Mail Armor
21:50 Forging
24:39 Chain Mail Armor
23:45 Pikeman
24:30 Town Watch
26:45 Double-Bit Axe
30:56 Bow Saw
Connection lost

Rejoining the realm…

Still unreachable

The connection could not be restored.

Session expired

The server has moved on; the page needs a fresh start.